 Dungeon Crawl Stone Soup version 0.26.1-16-g4e020e15dc (webtiles) character file.

Game seed: 6239912936224453513

44 tkbsonic5 the Insei (level 3, -12/28 HPs)
             Began as a Gnoll Transmuter on Oct 15, 2023.
             Engulfed by a cloud of flame (13 damage)
             ... on level 1 of the Dungeon.
             The game lasted 00:03:24 (1233 turns).

tkbsonic5 the Insei (Gnoll Transmuter)              Turns: 1233, Time: 00:03:26

Health: -12/28     AC:  5    Str: 13    XL:     3   Next: 62%
Magic:  9/9        EV: 14    Int: 15    God:
Gold:   80         SH:  0    Dex: 15    Spells: 11/12 levels left

rFire    . . .     SeeInvis .   b - -2 short sword (curse)
rCold    . . .     Faith    .   (no shield)
rNeg     . . .     Spirit   .   a - +0 robe
rPois    .         Reflect  .   h - +1 helmet
rElec    .         Harm     .   g - +0 cloak
rCorr    .         Rampage  .   (no gloves)
Will     .....                  (no boots)
Stlth    ++........             (no amulet)
HPRegen  0.09/turn              (no ring)
MPRegen  0.11/turn              (no ring)

@: no status effects
A: distributed training, fangs 1, strong nose
a: no special abilities


You were on level 1 of the Dungeon.
You visited 1 branch of the dungeon, and saw 1 of its levels.

You collected 80 gold pieces.

Inventory:

Hand Weapons
 b - a cursed -2 short sword (weapon)
Missiles
 f - 25 poisoned darts (quivered)
Armour
 a - a +0 robe (worn)
 g - a +0 cloak (worn)
 h - a +1 helmet (worn)
Scrolls
 d - a scroll of immolation
 e - a scroll of remove curse {unknown}
 i - a scroll of teleportation {unknown}


   Skills:
 + Level 2.6 Fighting
 + Level 0.9 Short Blades
 + Level 0.9 Long Blades
 + Level 0.9 Axes
 + Level 0.9 Maces & Flails
 + Level 0.9 Polearms
 + Level 0.9 Staves
 + Level 0.9 Slings
 + Level 0.9 Bows
 + Level 0.9 Crossbows
 + Level 0.9 Throwing
 + Level 0.9 Armour
 + Level 4.5 Dodging
 + Level 0.9 Stealth
 + Level 0.9 Shields
 + Level 6.5 Unarmed Combat
 + Level 5.0 Spellcasting
 + Level 0.6 Conjurations
 + Level 0.6 Hexes
 + Level 0.6 Summonings
 + Level 0.6 Necromancy
 + Level 0.6 Translocations
 + Level 3.8 Transmutations
 + Level 0.6 Fire Magic
 + Level 0.6 Ice Magic
 + Level 0.6 Air Magic
 + Level 0.6 Earth Magic
 + Level 0.6 Poison Magic
 + Level 1.0 Invocations
 + Level 0.9 Evocations


You had 11 spell levels left.
You knew the following spells:

 Your Spells              Type           Power        Failure   Level
a - Beastly Appendage     Tmut           30%          3%          1

Your spell library contained the following spells:

 Spells                   Type           Power        Failure   Level
 Wereblood                Tmut           15%          5%          2
 Spider Form              Tmut/Pois      5%           21%         3
 Ice Form                 Ice/Tmut       10%          54%         4
 Blade Hands              Tmut           7%           67%         5


Dungeon Overview and Level Annotations

Branches:
Dungeon (1/15)

Altars:


Innate Abilities, Weirdness & Mutations

Your experience applies equally to all skills.
You have very sharp teeth.
Your uncanny sense of smell can sniff out nearby items.


Message History

A rat is nearby!
As you read the scroll labelled TURUYKYTIKK, it crumbles to dust.
You feel aware of your surroundings.
It was a scroll of magic mapping.
As you read the scroll labelled GOR IDOLEENI, it crumbles to dust.
The creatures around you are filled with an inner flame!
It was a scroll of immolation.
You barely miss the rat. Your bite misses the rat. The rat bites you.
You barely miss the rat. The rat completely misses you.
You hit the rat but do no damage. The rat misses you.
The rat bites you but does no damage.
You barely miss the rat. Your bite misses the rat.
The rat bites you but does no damage.
You closely miss the rat. The rat closely misses you.
You hit the rat.
The rat explodes!
The fiery explosion engulfs you!!
Ouch! That really hurt!
* * * LOW HITPOINT WARNING * * *
You are engulfed in blazing flames.
You die...

*****#............#
#........†...#
##.##.........
#.#..........
#.#..('####..
######.#.(.'# ###
#....#.#...##
#.##...†...#
******#@####.....###
#....§§§...........#####
#....§§§..#####.........
#.........# #.........
#.........# #.........
########### #.........
#......... #.........
#.........


There were no monsters in sight!

Vanquished Creatures
  A gnoll (D:1)
  2 leopard geckos (D:1)
  6 bats (D:1)
  2 giant cockroaches (D:1)
  A goblin (D:1)
  4 hobgoblins (D:1)
  6 jackals (D:1)
  2 kobolds (D:1)
  3 frilled lizards (D:1)
  2 rats (D:1)
29 creatures vanquished.

Notes
Turn   | Place    | Note
-------+----------+-------------------------------------------
     0 | D:1      | tkbsonic5 the Gnoll Transmuter began the quest for the Orb.
     0 | D:1      | Reached XP level 1. HP: 17/17 MP: 6/6
   113 | D:1      | Reached XP level 2. HP: 14/23 MP: 7/7
   608 | D:1      | Reached XP level 3. HP: 28/28 MP: 9/9
   639 | D:1      | Reached skill level 5 in Spellcasting
   943 | D:1      | Reached skill level 1 in Invocations
  1233 | D:1      | HP: 1/28 [spore (26)]
  1233 | D:1      | Engulfed by a cloud of flame

Illustrated notes

Levels and vault maps discovered:
D:1:      dpeg_arrival_stone_temple_mockup, layout_basic

Skill      XL: |  1  2  3 |
---------------+----------+-----
Spellcasting   | 5 |  5.0
Invocations    | 1 |  1.0
Fighting       | |  2.6
Short Blades   | |  0.9
Long Blades    | |  0.9
Axes           | |  0.9
Maces & Flails | |  0.9
Polearms       | |  0.9
Staves         | |  0.9
Slings         | |  0.9
Bows           | |  0.9
Crossbows      | |  0.9
Throwing       | |  0.9
Armour         | |  0.9
Dodging        | |  4.5
Stealth        | |  0.9
Shields        | |  0.9
Unarmed Combat | |  6.5
Conjurations   | |  0.6
Hexes          | |  0.6
Summonings     | |  0.6
Necromancy     | |  0.6
Translocations | |  0.6
Transmutations | |  3.8
Fire Magic     | |  0.6
Ice Magic      | |  0.6
Air Magic      | |  0.6
Earth Magic    | |  0.6
Poison Magic   | |  0.6
Evocations     | |  0.9

Action                   || total
-------------------------++-------
Melee: Short sword       ||    99
       Unarmed           ||     4
       Kick              ||     9
       Bite              ||     5
       Punch             ||     4
       Headbutt          ||     1
Throw: Dart              ||    25
 Cast: Beastly Appendage ||     7
  Use: Scroll            ||     2
 Stab: Distracted        ||     1
Armor: Robe              ||    27
Dodge: Dodged            ||   106
